Arrhythmia, chaotic female vampiric Convict ------- ---------------- |......##### -----------##%####.....).........| |.....| # ##..........-# |..............| |.....| 0# # |.........| #%-..............| |.....| # # ### |.........| # -@----------.--- |..[...####)#############--.-------- ### a ## ---|---# # # ### ############ # # # # # 0 # # ## # ### # ##### # ## # ### # # ### ----.- # ---.-# # # # |....| # |`...# # # ### |....| # |.[.|## # # # |....| ----- --.--- |...-# ### # ---|- #....^.#### |.[[| |[[..| ----- # # |....######|....| # |.[.| |<[..| ----.-------# |...| ------ ##(.[[| |[)..| |..........|# |...| |[[[| |..[.| |.....>....%# |...| |[.[| |*...| |..........| |...| |..[| ------ ------------ ----- ----- Arrhythmia the Jail-bird Experience level: 8 Strength: 15 Dexterity: 16 Constitution: 20 Intelligence: 12 Wisdom: 8 Charisma: 9 Health: 0(75) Energy: 51(51) AC: 4 Gold: 286 Moves: 3990 Your Inventory: Coins $ - 286 gold pieces Armor b - a cursed +0 striped shirt d - an [uncursed] +0 pair of elven boots (being worn) T - a [blessed] +1 leather armor of dexterity (being worn) Y - an [uncursed] +0 blue and green shield [elven] (being worn) Tools a - an [uncursed +0] unicorn horn p - an [uncursed] towel x - an [uncursed wooden] flute R - an [uncursed] brass lantern (lit) Gems m - an [uncursed] stone called Not touch [luckstone] Spells known in the end: Name Level Category Fail Memory Your skills at the end: Fighting Skills Weapon Skills sling [Basic / Skilled] Spellcasting Skills Final Attributes: You were piously aligned. Hunger level was 23. Your alignment was 29 / 29. Monster difficulty range was 0 - 6. Level difficulty was 5. You were immune to poison. You were immune to level-drain. You were immune to sickness. You were stealthy. You could fly. You could survive without air. You regenerated. You were lucky (3). You had extra luck. Bad luck did not time out for you. Good luck did not time out for you. You are dead. Vanquished creatures: a black pudding 2 small mimics a leprechaun a gnome king an orc mummy a dog 2 dwarf lords a gray unicorn a Woodland-elf 4 soldier ants 17 Mordor orcs a rock piercer a rock mole 2 yellow lights 3 gnome lords a gnomish wizard a gray ooze 2 paper golems a floating eye 5 dwarves a homunculus 5 rothes 2 orc zombies 2 wererats 4 iguanas an acid blob a gas spore a hobbit a giant rat 17 gnomes 11 garter snakes a gecko 4 jackals a goblin 3 sewer rats a grid bug 5 lichens a newt 111 creatures vanquished. Voluntary challenges: You went without food. You never hit with a wielded weapon. You read items or engraved 1 time. You put on armor 23 times. You never genocided any monsters. You never polymorphed an object. You never changed form. You used no wishes. You abstained from Elbereth's help. You never encountered a bones level. You never used any Sokoban shortcuts. Dungeon overview: The Dungeons of Doom: levels 1 to 5 Level 1 (Succ) a sink a long staircase Level 4 a general store stairs to The Gnomish Mines Level 5 <- You were here an armor shop, a fountain The Gnomish Mines: levels 5 to 6 Level 5 stairs to The Dungeons of Doom History has recorded: On T:1 you entered the Dungeons of Doom to retrieve the Amulet of Yendor! On T:268 you reached level 2 of The Dungeons of Doom. On T:320 you advanced to experience level 2. On T:511 you advanced to experience level 3. On T:736 you reached level 3 of The Dungeons of Doom. On T:975 you advanced to experience level 4. On T:1277 you reached level 4 of The Dungeons of Doom. On T:1311 you advanced to experience level 5. On T:1348 you reached level 1 of The Gnomish Mines. On T:1395 you advanced to experience level 6. On T:1682 you advanced to experience level 7. On T:1797 you reached level 2 of The Gnomish Mines. On T:2346 you reached level 5 of The Dungeons of Doom. On T:2413 you advanced to experience level 8. Latest messages: [HP-7=49] You hit the soldier ant. You miss the soldier ant. The soldier ant bites! The soldier ant stings! The soldier ant bites! The soldier ant stings! [HP-21=28] You miss the soldier ant. (2x) The soldier ant bites! The soldier ant stings! [HP-10=18] You miss the soldier ant. (2x) The soldier ant misses. The soldier ant stings! The soldier ant misses. The soldier ant just misses! [HP-9=9] You miss the soldier ant. You bite the soldier ant. The soldier ant bites! The soldier ant stings! You die... Final status: Goodbye Arrhythmia the Convict... You died in The Dungeons of Doom on dungeon level 5 with 5428 points, and 286 pieces of gold, after 3990 moves. You were level 8 with a maximum of 75 hit points when you died.